 Dungeon Crawl Stone Soup version 0.26-a0-1213-gd52f5182fe (webtiles) character file.

Game seed: 5147926863348349929

2402 sideus8 the Thaumaturge (level 9, -4/46 HPs)
             Began as a Deep Elf Ice Elementalist on Dec 30, 2020.
             Slain by a yak (10 damage)
             ... on level 6 of the Dungeon.
             The game lasted 00:22:41 (7245 turns).

sideus8 the Thaumaturge (Deep Elf Ice Elementalist) Turns: 7245, Time: 00:22:42

Health: -4/46      AC: 10    Str:  5    XL:     9   Next: 23%
Magic:  26/26      EV: 11    Int: 24    God:
Gold:   320        SH:  5    Dex: 10    Spells: 15/30 levels left

rFire    . . .     SeeInvis +   m - +0 rapier
rCold    + . .     Faith    .   y - +2 buckler {AC+3}
rNeg     . . .     Spirit   .   p - +1 leather armour {rPois}
rPois    +         Reflect  .   l - +1 hat
rElec    +         Harm     .   j - +0 cloak
rCorr    .         Rampage  .   g - +0 pair of gloves
Will     +....                  (no boots)
Stlth    ++........             (no amulet)
HPRegen  0.15/turn              w - ring of ice
MPRegen  0.20/turn              x - ring "Fyenilo" {rElec rF+ Will+ Dex-5 SInv}

@: no status effects
A: horns 1, blurry vision 1
a: no special abilities


You were on level 6 of the Dungeon.
You visited 2 branches of the dungeon, and saw 8 of its levels.

You collected 320 gold pieces.

Inventory:

Hand Weapons
 d - a +2 quarterstaff of chaos
 m - a +0 rapier (weapon)
Armour
 a - a +0 robe
 g - a +0 pair of gloves (worn)
 j - a +0 cloak (worn)
 l - a +1 hat (worn)
 p - a +1 leather armour of poison resistance (worn)
 y - a +2 buckler of protection (worn)
Jewellery
 b - an uncursed ring of stealth
 f - an uncursed ring of teleportation
 k - an uncursed ring of positive energy
 w - a ring of ice (left hand)
 x - the ring "Fyenilo" (right hand) {rElec rF+ Will+ Dex-5 SInv}
   (You found it on level 5 of the Dungeon)

   [ring of protection from fire]

   It affects your dexterity (-5).
   It protects you from fire.
   It insulates you from electricity.
   It affects your willpower, your defense against some magical effects.
   It lets you see invisible.
 A - an uncursed ring of protection from fire {unknown}
Wands
 u - a wand of disintegration (3)
 z - a wand of random effects (12)
Scrolls
 e - a scroll of amnesia
 i - 2 scrolls of magic mapping
 n - 3 scrolls of remove curse
 o - a scroll of immolation
 r - a scroll of teleportation {unknown}
 t - a scroll of torment
 v - a scroll of enchant weapon
Potions
 c - a potion of resistance
 q - a potion of mutation
 s - a potion of cancellation


   Skills:
 + Level 0.5 Fighting
 + Level 0.6 Short Blades
 + Level 1.9 Armour
 - Level 2.5 Dodging
 - Level 2.6 Stealth
 + Level 0.1 Shields
 * Level 11.0 Spellcasting
 * Level 3.4 Conjurations
 + Level 1.0 Summonings
 * Level 9.6 Ice Magic
 + Level 0.6 Evocations


You had 15 spell levels left.
You knew the following spells:

 Your Spells              Type           Power        Failure   Level
a - Freeze                Ice            100%         1%          1
b - Frozen Ramparts       Ice            100%         1%          3
c - Ozocubu's Armour      Ice            73%          1%          3
d - Hailstorm             Conj/Ice       61%          9%          4
e - Summon Ice Beast      Ice/Summ       55%          14%         4

Your spell library contained the following spells:

 Spells                   Type           Power        Failure   Level


Dungeon Overview and Level Annotations

Branches:
Dungeon (7/15)             Temple (1/1) D:4

Altars:
Ashenzari
Cheibriados
Dithmenos
Elyvilon
Fedhas
Hepliaklqana
Kikubaaqudgha
Makhleb
Okawaru
Qazlal
Ru
Uskayaw
Vehumet
Wu Jian
Xom
Yredelemnul
Zin
The Shining One

Shops:
D:5 [


Innate Abilities, Weirdness & Mutations

You have a pair of small horns on your head.
Scrolls take you a little longer to read.


Message History

The yak gores you! x2; The orc closely misses you.
The orc priest mumbles some strange prayers to Beogh against you.
Beogh smites you!
* * * LOW HITPOINT WARNING * * *
There is a stone staircase leading up, spattered with blood here.
The yak barely misses you. The orc priest barely misses you.
The orc hits you but does no damage.
You climb upwards.
There is a stone staircase leading down here.
You feel much better. The yak gores you!
* * * LOW HITPOINT WARNING * * *
The yak closely misses you.
The orc priest hits you but does no damage.
You block the orc's attack.
Okay, then.
Okay, then.
The yak gores you.
* * * LOW HITPOINT WARNING * * *
The yak gores you but does no damage. The yak gores you!
You die...

#.# #.### ###### #)#
#.... #....# #.# #####
#....# #)# # #....# #)#
##### #
#....######.####...#####
#.......o..........'....
#......oY..#####...#####
#......@Y..# #########
#.........[####### #...
#######....).....####...
#...[......').'...
#.........)####...
#..........# #...
#..........# #...
#..........# #...
#..........# #...


You could see 2 yaks, an orc priest and an orc.

Vanquished Creatures
  Sigmund (D:6)
  A yak (D:6)
  A water moccasin (D:6)
  Duvessa (D:6)
  2 ice beasts (D:6)
  An orc warrior (D:6)
  A black bear (D:6)
  A phantom (D:5)
  A lemure (D:6)
  2 centaurs
  A scorpion (D:6)
  A crimson imp (D:5)
  A hound (D:6)
  3 orc wizards
  Crazy Yiuf (D:5)
  4 orc priests
  4 worker ants
  3 gnolls (D:5)
  7 adders
  A shadow imp (D:5)
  3 ufetubi
  An adder zombie (D:5)
  2 oozes
  3 worms
  2 dart slugs (D:1)
  6 leopard geckos
  23 orcs
  A ball python (D:2)
  4 giant cockroaches
  2 goblins
  3 hobgoblins (D:1)
  2 jackals (D:5)
  5 kobolds
  A quokka (D:2)
  7 bats
  4 frilled lizards
  A jackal skeleton (D:6)
  4 rats
112 creatures vanquished.

Vanquished Creatures (collateral kills)
  Pikel (D:6)
  Grinder (D:6)
  An ogre (D:6)
  A lemure (D:6)
  Dowan (D:6)
  An orc wizard (D:6)
  A worker ant (D:6)
7 creatures vanquished.

Grand Total: 119 creatures vanquished

Notes
Turn   | Place    | Note
-------+----------+-------------------------------------------
     0 | D:1      | sideus8 the Deep Elf Ice Elementalist began the quest for
                  | the Orb.
     0 | D:1      | Reached XP level 1. HP: 10/10 MP: 6/6
   414 | D:1      | Reached XP level 2. HP: 15/15 MP: 5/8
   637 | D:1      | Reached skill level 5 in Ice Magic
  1107 | D:2      | Reached XP level 3. HP: 12/19 MP: 6/10
  1336 | D:2      | Found an ornate altar of the Wu Jian Council.
  1381 | D:2      | Reached skill level 4 in Spellcasting
  1472 | D:2      | Learned a level 3 spell: Frozen Ramparts
  1476 | D:2      | Learned a level 3 spell: Ozocubu's Armour
  1712 | D:3      | Found a white marble altar of Elyvilon.
  1719 | D:3      | Found a snail-covered altar of Cheibriados.
  1722 | D:3      | Found an ancient bone altar of Kikubaaqudgha.
  1742 | D:3      | Reached XP level 4. HP: 24/24 MP: 8/12
  1822 | D:3      | Learned a level 4 spell: Hailstorm
  1894 | D:3      | Reached skill level 5 in Spellcasting
  1903 | D:3      | Reached XP level 5. HP: 27/28 MP: 8/14
  2088 | D:3      | HP: 1/28 [orc priest/nerve-wracking pain (10)]
  2410 | D:3      | Gained mutation: Scrolls take you a little longer to read.
                  | [potion of mutation]
  2410 | D:3      | Gained mutation: You have a pair of small horns on your
                  | head. [potion of mutation]
  2904 | D:4      | Reached skill level 6 in Spellcasting
  2997 | D:4      | Found a staircase to the Ecumenical Temple.
  3260 | D:4      | Reached XP level 6. HP: 33/33 MP: 14/17
  3992 | Temple   | Entered the Ecumenical Temple
  4108 | D:5      | Entered Level 5 of the Dungeon
  4654 | D:5      | Reached skill level 7 in Spellcasting
  4767 | D:5      | Found a radiant altar of Vehumet.
  4768 | D:5      | Found a burning altar of Makhleb.
  4805 | D:5      | Got a vibrating brass ring
  4809 | D:5      | Identified the ring "Fyenilo" {rElec rF+ Will+ Dex-5 SInv}
                  | (You found it on level 5 of the Dungeon)
  5048 | D:5      | Learned a level 4 spell: Summon Ice Beast
  5103 | D:5      | Reached XP level 7. HP: 25/37 MP: 1/20
  5238 | D:5      | Found Ecsil's Armour Shoppe.
  5360 | D:5      | Found a runed translucent door.
  5361 | D:5      | Noticed Crazy Yiuf
  5370 | D:5      | Killed Crazy Yiuf
  5484 | D:6      | Noticed Pikel
  5502 | D:6      | Reached skill level 8 in Spellcasting
  5506 | D:6      | Killed Pikel
  5507 | D:6      | Reached skill level 1 in Armour
  5507 | D:6      | Reached skill level 9 in Spellcasting
  5507 | D:6      | Reached skill level 1 in Conjurations
  5507 | D:6      | Reached XP level 8. HP: 24/42 MP: 2/23
  6024 | D:6      | Reached skill level 10 in Spellcasting
  6150 | D:6      | Noticed Grinder
  6153 | D:6      | Paralysed by Grinder for 7 turns
  6176 | D:6      | Killed Grinder
  6494 | D:6      | Noticed Dowan
  6495 | D:6      | Noticed Duvessa
  6521 | D:6      | Killed Dowan
  6522 | D:6      | Killed Duvessa
  6523 | D:6      | Reached XP level 9. HP: 43/46 MP: 17/25
  6705 | D:6      | Noticed Sigmund
  6715 | D:6      | Killed Sigmund
  6716 | D:6      | Reached skill level 1 in Summonings
  7206 | D:6      | Reached skill level 11 in Spellcasting
  7240 | D:7      | HP: 2/46 [orc priest/divine providence (12)]
  7245 | D:6      | Slain by a yak

Illustrated notes

Levels and vault maps discovered:
D:1:      lemuel_arrival_room, layout_loops_ring, minmay_heptomino_d4
D:2:      layout_rooms, lemuel_round_altar, minmay_stone_trees_small
D:3:      layout_loops_ring, grunt_temple_overflow_diamond
D:4:      layout_basic, minmay_temple_entry_junction
D:5:      layout_rooms, grunt_temple_overflow_lords_of_destruction,
          serial_shops, shop, uniq_crazy_yiuf_cottage
D:6:      layout_basic, minmay_checkerbox, uniq_pikel, uniq_duvessa,
          uniq_sigmund, uniq_grinder
D:7:      layout_basic, nzn_overflow_gifts_of_might_and_magic,
          kennysheep_little_box, ebering_ghost_gozag, minmay_misc_feat_encased,
          uniq_maggie
Temple:   nicolae_temple_x_marks_the_god

Skill      XL: |  1  2  3  4  5  6  7  8  9 |
---------------+----------------------------+-----
Ice Magic      | 5 6 7 8 9 |  9.6
Spellcasting   | 4 5 6 7 9 10 11 | 11.0
Armour         | 1 |  1.9
Conjurations   | 1 3 |  3.4
Summonings     | 1 |  1.0
Fighting       | |  0.5
Short Blades   | |  0.6
Dodging        | |  2.5
Stealth        | |  2.6
Shields        | |  0.1
Evocations     | |  0.6

Action                   |  1- 3 |  4- 6 |  7- 9 || total
-------------------------+-------+-------+-------++-------
Melee: Unarmed           |     1 |       |       ||     1
       Rapier            |       |       |    35 ||    35
       Headbutt          |       |       |     4 ||     4
 Cast: Freeze            |    53 |   119 |    67 ||   239
       Frozen Ramparts   |     3 |     9 |     5 ||    17
       Hailstorm         |       |     5 |     2 ||     7
       Ozocubu's Armour  |       |     4 |     4 ||     8
       Summon Ice Beast  |       |     1 |     7 ||     8
Evoke: Wand              |       |     1 |     6 ||     7
  Use: Scroll            |       |     7 |     3 ||    10
       Potion            |       |     9 |     3 ||    12
 Stab: Distracted        |       |       |     1 ||     1
       Sleeping          |       |       |     1 ||     1
Armor: Robe              |     4 |     1 |       ||     5
       Leather armour    |       |    21 |    40 ||    61
Dodge: Dodged            |    32 |    57 |    54 ||   143
Block: Buckler           |       |       |     8 ||     8

Table legend: (Time is in decaauts)
 A = Elapsed time spent in this place.
 B = Non-inter-level travel time spent in this place.
 C = Inter-level travel time spent in this place.
 D = Time resting spent in this place.
 E = Time spent auto-exploring this place.
 F = Levels seen in this place.
 G = Mean time per level.
                   A        B        C        D        E       F      G
               +--------+--------+--------+--------+--------+-----+--------+
         Total |   7246 |   7246 |      0 |   1240 |   4223 |   8 |  905.8 |
       Dungeon |   7174 |   7174 |      0 |   1240 |   4223 |   7 | 1024.9 |
        Temple |     71 |     71 |      0 |      0 |      0 |   1 |   71.0 |
               +--------+--------+--------+--------+--------+-----+--------+

Top non-repeatable levels by time:
     D:6: 1756 daAuts
     D:5: 1278 daAuts
     D:3: 1263 daAuts
     D:4: 1259 daAuts
     D:1: 1100 daAuts
     D:2: 503 daAuts
  Temple: 71 daAuts
     D:7: 12 daAuts
